 Dungeon Crawl Stone Soup version 0.24.0-1-gfbc8707122 (webtiles) character file.

Game seed: 16323839350093074825, levelgen mode: deterministic

175 mortelune the Firebug (level 5, 0/28 HPs)
             Began as a Deep Elf Fire Elementalist on Oct 26, 2019.
             Slain by an orc wizard
             ... wielding a +2 dagger of electrocution
              (15 damage)
             ... on level 3 of the Dungeon.
             The game lasted 00:04:41 (2104 turns).

mortelune the Firebug (Deep Elf Fire Elementalist)  Turns: 2104, Time: 00:04:42

Health: 0/28       AC:  4    Str:  6    XL:     5   Next: 29%
Magic:  0/22       EV: 14    Int: 20    God:
Gold:   104        SH:  0    Dex: 15    Spells: 2/12 levels left

rFire    . . .     SeeInvis .   r - +1 halberd
rCold    + . .     Gourm    .   (shield currently unavailable)
rNeg     . . .     Faith    .   a - +0 robe
rPois    .         Spirit   .   s - +1 helmet
rElec    .         Reflect  .   (no cloak)
rCorr    .         Harm     .   (no gloves)
MR       .....                  (no boots)
Stlth    ++........             (no amulet)
HPRegen  0.09/turn              b - ring of protection from cold
MPRegen  0.18/turn              d - ring of magical power

@: very slightly contaminated
A: no striking features
a: no special abilities


You were on level 3 of the Dungeon.
You were hungry.

You visited 1 branch of the dungeon, and saw 3 of its levels.

You collected 104 gold pieces.

Inventory:

Hand Weapons
 k - a +0 short sword
 r - a +1 halberd (weapon)
Armour
 a - a +0 robe (worn)
 s - a +1 helmet (worn)
Jewellery
 b - a ring of protection from cold (left hand)
 d - a ring of magical power (right hand)
Scrolls
 h - a scroll of enchant armour
 j - a scroll of immolation
 l - a scroll of identify
 m - a scroll of remove curse
 n - 2 scrolls of magic mapping
Potions
 e - a potion of degeneration {unknown}
 f - a potion of might {unknown}
 i - 2 potions of curing
 o - a potion of haste {unknown}
Comestibles
 c - 8 rations
 g - a chunk of flesh


   Skills:
 + Level 3.5 Dodging
 - Level 2.4 Stealth
 + Level 4.1 Spellcasting
 * Level 3.3 Conjurations
 * Level 4.6 Fire Magic


You had 2 spell levels left.
You knew the following spells:

 Your Spells              Type           Power        Failure   Level  Hunger
a - Flame Tongue          Conj/Fire      ###..        2%          1    None
b - Throw Flame           Conj/Fire      ###...       3%          2    #......
c - Conjure Flame         Conj/Fire      ###.....     8%          3    ###....
d - Sticky Flame          Conj/Fire      ###.....     24%         4    ####...

Your spell library contained the following spells:

 Spells                   Type           Power        Failure   Level  Hunger
 Inner Flame              Hex/Fire       ##......     14%         3    ###....
 Fireball                 Conj/Fire      ###.......   56%         5    ######.


Dungeon Overview and Level Annotations

Branches:
Dungeon (3/15)

Altars:


Message History

Aiming: Sticky Flame (slightly dangerous; 24% risk of failure)
Press: ? - help, Shift-Dir - straight line, f/p - orc wizard
Aim: an orc wizard, wielding a +2 dagger of electrocution and wearing a +0 robe (heavily wounded, fast)
You miscast Sticky Flame.
You are very lightly contaminated with residual magic.
Sparks fly from your hands!
The orc wizard hits you with a +2 dagger of electrocution.
The orc wizard barely misses you.
Casting: Sticky Flame (slightly dangerous; 24% risk of failure)
Confirm with . or Enter, or press ? or * to list all spells.
Aiming: Flame Tongue (safe; 2% risk of failure)
Press: ? - help, Shift-Dir - straight line, f/p - orc wizard
Aim: an orc wizard, wielding a +2 dagger of electrocution and wearing a +0 robe (heavily wounded, fast)
The flame tongue hits the orc wizard but does no damage.
The orc wizard is heavily wounded.
The orc wizard hits you but does no damage.
The orc wizard hits you with a +2 dagger of electrocution.
You are electrocuted!
Ouch! That really hurt!
You die...

##<..## ##.....## #..†....###
#######..........
#.$,.............
#.#*####.....###.
#####.#######...## *,
********####.......†........#
*,
*,,,,,,,...<..>@..#######.#.#
*, *,******##...###o##
**#.#.# *, *,* #.,,* #)#
*,..#.#**, **,********,,,*
#)#*****##....***
*,,,,,,,,,,,,,* #..o*,,*
###..,,,
#.#******,*,,***#..,,,,**
*#.#** ..# *,*,,,,,....,,_∩*
*.# #.# *,*,,***##..,,,** *,*
#.# *,,,,* *****,,* *,*


You could see an orc wizard.

Vanquished Creatures
  2 hounds
  3 gnolls (D:2)
  An ooze (D:1)
  2 worms (D:2)
  3 dart slugs
  4 leopard geckos
  3 orcs (D:3)
  8 bats
  2 giant cockroaches
  5 goblins
  9 hobgoblins
  8 kobolds
  A quokka (D:2)
  4 frilled lizards
  7 rats
62 creatures vanquished.

Notes
Turn   | Place    | Note
-------+----------+-------------------------------------------
     0 | D:1      | mortelune the Deep Elf Fire Elementalist began the quest
                  | for the Orb.
     0 | D:1      | Reached XP level 1. HP: 10/10 MP: 6/6
   330 | D:1      | Reached XP level 2. HP: 15/15 MP: 8/8
   334 | D:1      | Learned a level 2 spell: Throw Flame
   601 | D:1      | Reached XP level 3. HP: 19/19 MP: 7/9
   963 | D:2      | Reached XP level 4. HP: 24/24 MP: 11/11
   968 | D:2      | Learned a level 3 spell: Conjure Flame
   973 | D:2      | Learned a level 4 spell: Sticky Flame
  2049 | D:3      | Reached XP level 5. HP: 25/28 MP: 12/12
  2104 | D:3      | Slain by an orc wizard

Levels and vault maps discovered:
D:1:      scummos_arrival_simple_crosswalls, layout_basic, minmay_box_of_dots
D:2:      layout_basic
D:3:      layout_loops_ring, makhleb_heckhound_becter,
          okawaru_altar_gauntlet_db, first_ration, grunt_decor_arrowhead,
          grunt_qazlal_clouds, uniq_natasha

Skill      XL: |  1  2  3  4  5 |
---------------+----------------+-----
Conjurations   | 2 3 |  3.3
Dodging        | 3 |  3.5
Fire Magic     | 4 |  4.6
Spellcasting   | 4 |  4.1
Stealth        | |  2.4

Action                   |  1- 3 |  4- 6 || total
-------------------------+-------+-------++-------
 Cast: Flame Tongue      |    29 |    24 ||    53
       Throw Flame       |    24 |    37 ||    61
       Conjure Flame     |       |     2 ||     2
       Sticky Flame      |       |     1 ||     1
  Use: Scroll            |       |     7 ||     7
  Eat: Chunk             |     1 |     4 ||     5
Armor: Robe              |     3 |     1 ||     4
Dodge: Dodged            |     7 |     5 ||    12
